Map: Catalyst LE

Players

IIIIlIIIlIII

  • Race: Terran Terran
  • League: Master
  • Spawn Location: 5:00

Ascarecroww - Winner!

  • Race: Zerg Zerg
  • League: Master
  • Spawn Location: 11:00

VOD

Have the link to the VOD?

Description

Time

  • Played on: Feb. 8, 2018, 10:32 p.m.
  • Length: 12:06
Show
View Real Time Build Order
Export as new Build Order

IIIIlIIIlIII Terran 

Build Orders: Reaper Expand 

Get SALT Encoding   

  12  0:00  SCV  
  13  0:13  SCV  
  14  0:17  Supply Depot  
  14  0:25  SCV  
  15  0:29  Refinery  
  15  0:38  SCV  
  16  0:45  Barracks  
  16  0:50  SCV  
  17  1:03  SCV  
  18  1:15  SCV  
  19  1:31  Orbital Command  
  19  1:32  Reaper  
  20  1:45  Command Center  
  20  1:55  Factory  
  20  1:58  SCV  
  21  2:04  Refinery  
  21  2:08  Barracks Reactor  
  21  2:18  SCV  
  21  2:21  Supply Depot  
  22  2:30  SCV  
  23  2:43  SCV  
  24  2:47  Armory  
  24  2:49  Hellion x2  
  28  2:55  SCV  
  29  2:59  Orbital Command  
  29  3:01  Marine  
  30  3:12  Hellion  
  34  3:13  Hellion  
  34  3:18  SCV  
  35  3:33  Cyclone  
  37  3:37  Cyclone  
  38  4:02  Barracks Reactor  
  38  4:03  Supply Depot  
  38  4:05  Factory  
  38  4:09  SCV x2, Hellion  
  42  4:14  Terran Vehicle Weapons Level 1  
  42  4:21  SCV x2  
  44  4:33  SCV  
  44  4:38  SCV  
  46  4:40  Supply Depot  
  46  4:45  Cyclone  
  46  4:49  Cyclone  
  52  4:53  SCV x2  
  54  5:04  Supply Depot, Hellion  
  54  5:05  SCV  
  57  5:09  Hellion  
  57  5:11  SCV  
  60  5:26  SCV x2  
  62  5:31  Supply Depot  
  62  5:33  Command Center  
  61  5:36  Hellion x2  
  61  5:38  SCV x2  
  67  5:50  SCV x2  
  69  6:09  Cyclone x3  
  69  6:10  Engineering Bay, SCV x2, Cyclone  
  70  6:22  SCV x2  
  59  6:34  SCV x2, Refinery x2  
  59  6:37  Missile Turret  
  59  6:38  Missile Turret  
  61  6:41  Missile Turret  
  61  6:42  Missile Turret  
  61  6:46  SCV x2, Cyclone x2  
  69  6:59  SCV x2  
  69  7:03  Orbital Command  
  67  7:08  Supply Depot  
  67  7:11  SCV x2  
  67  7:13  Factory  
  69  7:16  Factory  
  69  7:23  SCV x2, Hellion x3  
  69  7:28  Supply Depot  
  77  7:35  SCV x2  
  79  7:47  SCV x2  
  81  7:52  Orbital Command  
  81  7:59  SCV x2  
  83  8:07  Factory Tech Lab x2  
  83  8:10  Missile Turret, Refinery  
  83  8:11  SCV x2  
  85  8:13  Factory, Supply Depot x2  
  85  8:14  Missile Turret  
  85  8:15  Refinery  
  85  8:19  SCV  
  86  8:21  Hellion x2  
  86  8:23  SCV x2  
  92  8:31  SCV  
  92  8:33  Siege Tank  
  92  8:34  Siege Tank  
  99  8:35  SCV x2, Terran Vehicle Weapons Level 2  
  99  8:37  Armory  
  101  8:43  SCV  
  101  8:47  SCV x2  
  104  8:49  Supply Depot  
  104  8:50  Supply Depot  
  104  8:55  SCV  
  104  9:00  SCV x2  
  104  9:03  Hellion x3  
  104  9:05  Thor  
  104  9:07  SCV  
  116  9:12  SCV  
  111  9:29  Siege Tank  
  111  9:30  Hellion x3  
  120  9:34  SCV x2, Terran Vehicle And Ship Armor Level 1  
  120  9:35  Factory  
  120  9:37  Factory  
  120  9:38  Missile Turret  
  98  9:48  Siege Tank  
  97  10:01  Thor  
  96  10:12  SCV  
  96  10:13  SCV  
  87  10:15  Command Center  
  87  10:20  Siege Tank  
  96  10:21  Hellion x3  
  96  10:23  Hellion, Infernal Pre-Igniter  
  96  10:25  SCV x2  
  98  10:35  Hellion  
  100  10:37  SCV, Factory Reactor, Factory Tech Lab  
  100  10:39  SCV  
  104  10:43  Hellion  
  104  10:44  Siege Tank  
  104  10:48  Hellion  
  104  10:49  SCV  
  110  10:53  Siege Tank, Supply Depot  
  113  10:58  SCV  
  113  11:01  SCV  
  115  11:10  SCV  
  114  11:13  SCV  
  114  11:14  Siege Tank  
  114  11:15  Hellion x2  
  114  11:16  Siege Tank  
  119  11:32  SCV  
  120  11:42  Refinery  
  120  11:44  Missile Turret  
  120  11:45  Refinery  
Show
View Real Time Build Order
Export as new Build Order

Ascarecroww Zerg - Winner!

Build Orders: Pool First 

Get SALT Encoding   

  12  0:03  Drone  
  13  0:12  Overlord  
  13  0:22  Drone  
  14  0:31  Drone x2  
  16  0:36  Drone  
  17  0:46  Spawning Pool  
  17  0:49  Drone  
  17  0:58  Drone  
  18  1:14  Hatchery  
  18  1:16  Extractor  
  16  1:18  Drone  
  16  1:21  Drone  
  18  1:30  Drone  
  19  1:37  Roach Warren  
  18  1:43  Queen  
  20  1:47  Zergling x2  
  20  1:52  Drone  
  22  2:01  Overlord  
  22  2:19  Queen  
  24  2:23  Roach x2  
  24  2:27  Roach  
  30  2:31  Queen  
  32  2:42  Drone x2  
  34  2:45  Overlord  
  34  2:56  Lair  
  34  3:01  Drone x2  
  36  3:10  Drone  
  36  3:11  Drone x2  
  39  3:18  Drone x2  
  40  3:33  Drone x4  
  40  3:56  Overlord x2  
  40  3:57  Drone x4  
  40  4:01  Extractor  
  41  4:03  Extractor  
  41  4:09  Evolution Chamber  
  39  4:10  Evolution Chamber  
  39  4:12  Queen  
  39  4:15  Spire  
  39  4:16  Drone x4  
  43  4:18  Extractor  
  42  4:28  Drone x2  
  42  4:29  Drone  
  45  4:32  Overlord x2  
  45  4:39  Drone  
  45  4:42  Drone  
  45  4:43  Drone x3  
  50  4:49  Queen  
  52  5:01  Overseer  
  52  5:03  Overlord  
  52  5:09  Drone x2  
  54  5:17  Hatchery  
  53  5:29  Mutalisk  
  53  5:31  Mutalisk x5  
  65  5:39  Roach x3  
  65  5:41  Roach  
  73  5:44  Overlord  
  73  5:55  Roach x4  
  75  6:30  Drone x6  
  81  6:37  Queen  
  83  6:40  Drone  
  83  6:41  Drone x2  
  83  6:42  Glial Reconstitution  
  86  6:49  Evolution Chamber, Drone x2  
  87  7:13  Overlord x4  
  87  7:14  Queen  
  87  7:15  Evolution Chamber  
  88  7:25  Roach x5, Hydralisk Den  
  88  7:27  Zerg Ground Armor Level 1  
  97  7:30  Overlord x3  
  97  7:36  Roach  
  97  7:37  Roach x6  
  111  7:49  Drone x6  
  117  7:51  Zerg Missile Weapons Level 1  
  117  7:59  Overlord x2  
  117  8:06  Grooved Spines  
  117  8:13  Drone x3, Extractor, Spore Crawler  
  117  8:15  Drone x2, Extractor  
  117  8:16  Drone  
  117  8:17  Drone  
  117  8:18  Drone x2  
  123  8:30  Overlord x2  
  123  8:31  Hydralisk  
  123  8:32  Hydralisk x5  
  135  8:40  Ravager x2  
  135  8:41  Ravager x6  
  143  8:50  Hydralisk x3  
  149  8:57  Hydralisk  
  149  8:58  Hydralisk x2  
  155  9:05  Hatchery  
  150  9:12  Hydralisk x4  
  151  9:26  Muscular Augments  
  151  9:27  Hydralisk x3  
  145  9:40  Hydralisk  
  145  9:41  Hydralisk x4  
  134  9:51  Hydralisk  
  134  9:52  Hydralisk x2  
  135  10:11  Hydralisk x7  
  147  10:24  Drone  
  147  10:25  Drone x4  
  147  10:26  Infestation Pit, Queen  
  147  10:27  Extractor  
  152  10:30  Extractor  
  152  10:31  Metabolic Boost  
  152  10:33  Roach x6  
  164  10:50  Drone x3  
  164  10:51  Drone x3  
  164  10:52  Overlord x4  
  169  11:01  Hydralisk  
  169  11:02  Hydralisk x2  
  171  11:11  Drone  
  171  11:12  Drone x8  
  179  11:25  Zergling x16  
  187  11:33  Hydralisk  
  187  11:34  Hydralisk x4  
  189  11:52  Hatchery  
Tags
 
Add a new tag
Caveats
  • Supply blocks, unpowered buildings, or Contaminate may cause inaccurate times.
  • Supply counts are checked every 10 seconds.